 Dungeon Crawl Stone Soup version 0.13-a0-1606-g53bcbbc (webtiles) character file.

880 4tharraofdagon the Firebug (level 7, 0/63 HPs)
             Began as a Djinni Fire Elementalist on June 14, 2013.
             Was an Initiate of the Shining One.
             Slain by an ogre
             ... wielding a +0,+0 giant club
              (18 damage)
             ... on Level 6 of the Dungeon.
             The game lasted 00:11:17 (2670 turns).

4tharraofdagon the Firebug (DjFE)                   Turns: 2670, Time: 00:11:17

HP   0/63        AC  2     Str  8      XL: 7   Next: 49%
MP   0/0         EV 11     Int 18      God: the Shining One [......]
Gold 129         SH 22     Dex 13      Spells:  3 memorised, 11 levels left

Res.Fire  : + + +   See Invis. : .   l - +0,+1 orc flail (holy)
Res.Cold  : x . .   Warding    : .   a - +0 robe
Life Prot.: + + +   Conserve   : .   m - +6 shield of the gong {Spirit, rElec rN+ M
Res.Poison: .       Res.Corr.  : .   (no helmet)
Res.Elec. : +       Clarity    : +   (no cloak)
Sust.Abil.: . .     Spirit.Shd : +   (no gloves)
Res.Mut.  : .       Stasis     : .   (boots unavailable)
Res.Rott. : .       Flight     : .   k - amulet of clarity
Saprovore : . . .                    (no ring)
                                     n - ring of flight

@: quite resistant to hostile enchantments, unstealthy
A: no striking features
a: Renounce Religion, Evoke Flight


You were on level 6 of the Dungeon.
You worshipped the Shining One. the Shining One was pleased with you.
You were not hungry.

You visited 2 branches of the dungeon, and saw 7 of its levels.

You collected 109 gold pieces.

Inventory:

Hand weapons
 c - a +1,+0 elven short sword
 i - a +0,+1 orcish mace
 j - a +0,+0 bow
 l - a +0,+1 orcish flail of holy wrath (weapon)
Armour
 a - a +0 robe (worn)
 m - the +6 shield of the gong (worn) {Spirit, rElec rN+ MR+}
   (You found it on level 5 of the Dungeon)

   It insulates you from electricity.
   It protects you from negative energy.
   It affects your resistance to hostile enchantments.
Scrolls
 d - a scroll of curse armour {unknown}
 e - a scroll of noise {unknown}
 f - a scroll of random uselessness {unknown}
 g - a scroll of curse weapon {unknown}
 h - a scroll of immolation {unknown}
Jewellery
 k - an amulet of clarity (around neck)
 n - a ring of flight (left hand)
Books
 b - a book of Flames

   Spells                             Type                      Level
   *Flame Tongue                      Conjuration/Fire             1
   Throw Flame                        Conjuration/Fire             2
   *Conjure Flame                     Conjuration/Fire             3
   Inner Flame                        Hexes/Fire                   3
   *Sticky Flame                      Conjuration/Fire             4
   Fireball                           Conjuration/Fire             5


   Skills:
 + Level 3.5 Fighting
 * Level 5.6 Maces & Flails
 + Level 3.7 Dodging
 - Level 1.5 Stealth
 + Level 3.5 Shields
 + Level 6.6 Spellcasting
 + Level 4.2 Conjurations
 + Level 6.8 Fire Magic


You had 11 spell levels left.
You knew the following spells:

 Your Spells              Type           Power        Failure   Level  Hunger
a - Flame Tongue          Conj/Fire      ####.        4%          1    None
b - Conjure Flame         Conj/Fire      ####....     14%         3    ##.....
c - Sticky Flame          Conj/Fire      ####....     43%         4    ####...


Dungeon Overview and Level Annotations

Branches:
Dungeon (6/27)             Temple (1/1) D:5
    Orc: D:6-11

Altars:
Ashenzari
Cheibriados
Elyvilon
Fedhas
Kikubaaqudgha
Makhleb
Nemelex Xobeh
Okawaru
Sif Muna
Trog
Xom
Zin
the Shining One


Message History

You aren't carrying any potions.
You sock the ogre!
The ogre is severely wounded.
You block the ogre's attack.
GONNNNG!
The orc priest barely misses you. The orc barely misses you.
You hit the ogre.
The ogre is almost dead.
You block the ogre's attack.
PTOANNNG!
You block the orc priest's attack.
SHROANNG!
The orc hits you with an orcish flail.
An orc comes into view. It is wielding a great sword.
You closely miss the ogre.
The ogre is almost dead.
The orc priest hits you from afar with a spear.
* * * LOW HITPOINT WARNING * * *
The ogre hits you with a giant club!
You die...

#....#.........# #
#.##.....h.....##.#
#.##o..........#
.......###..#
......#...#.#
.#.##..#.<.#.#
.#....o#..)#.# #
#..o###o##
#.##O@o## .. #####
# # #. #. ####.####


You could see an ogre, an orc priest and 3 orcs.

Vanquished Creatures
  An ogre (D:5)
  A centaur (D:6)
  A giant frog (D:6)
  A centaur skeleton (D:5)
  3 crimson imps
  An ogre skeleton (D:6)
  A hound (D:5)
  An orc wizard (D:6)
  5 worker ants
  3 adders
  An iguana zombie (D:5)
  A bat skeleton (D:6)
  A bat zombie (D:6)
  3 giant geckos
  12 orcs
  2 ball pythons (D:4)
  4 bats
  A giant cockroach (D:1)
  4 hobgoblins
  7 kobolds
  A goblin (D:4)
  An orc skeleton (D:6)
  3 rats
59 creatures vanquished.

Vanquished Creatures (others)
  An orc priest (D:6)
  An orc (D:6)
  A quokka (D:6)
  A giant spore (D:6)
  A goblin (D:6)
5 creatures vanquished.

Grand Total: 64 creatures vanquished

Notes
Turn   | Place    | Note
--------------------------------------------------------------
     0 | D:1      | 4tharraofdagon, the Djinni Fire Elementalist, began the quest for the Orb.
     0 | D:1      | Reached XP level 1. HP: 14/14 MP: 0/0
   120 | D:1      | Reached XP level 2. EP: 17/22
   401 | D:5      | Entered Level 5 of the Dungeon
   417 | D:5      | Found a staircase to the Ecumenical Temple.
   423 | Temple   | Entered the Ecumenical Temple
   461 | Temple   | Became a worshipper of the Shining One
   516 | D:5      | Found a burning altar of Makhleb.
   582 | D:5      | Noticed a centaur skeleton
   587 | D:5      | Noticed an ogre
   593 | D:5      | HP: 1/22 [centaur skeleton (6)]
   597 | D:5      | Killed a centaur skeleton
   597 | D:5      | Reached skill level 1 in Maces & Flails
   597 | D:5      | Reached XP level 3. EP: 6/28
   597 | D:5      | Reached XP level 4. EP: 7/35
   637 | D:5      | Reached skill level 5 in Maces & Flails
   637 | D:5      | Reached skill level 6 in Spellcasting
   637 | D:5      | Reached XP level 5. EP: 13/46
   819 | D:4      | Learned a level 3 spell: Conjure Flame
  1072 | D:6      | Noticed an ogre
  1261 | D:5      | Reached XP level 6. EP: 46/55
  1401 | D:5      | Killed an ogre
  1669 | D:5      | Reached XP level 7. EP: 58/62
  2123 | D:6      | Noticed a centaur
  2139 | D:6      | Killed a centaur
  2645 | D:5      | Learned a level 4 spell: Sticky Flame
  2670 | D:6      | Slain by an ogre

Action                   |  1- 3 |  4- 6 |  7- 9 || total
-------------------------+-------+-------+-------++-------
Melee: Short sword       |    12 |       |       ||    12
       Mace              |    13 |    88 |       ||   101
       Flail             |       |    78 |   101 ||   179
 Cast: Flame Tongue      |    20 |       |       ||    20
  Use: Potion            |     1 |     3 |       ||     4
       Scroll            |       |     6 |       ||     6
 Stab: Sleeping          |       |     1 |     1 ||     2
